 Dungeon Crawl Stone Soup version 0.28.0-47-ge53b351184 (webtiles) character file.

Game seed: 12929082675292417747

204 101zpm the Magician (level 6, 0/40 HPs)
             Began as a Djinni Ice Elementalist on Apr 26, 2022.
             Slain by a shadow imp (1 damage)
             ... on level 3 of the Dungeon.
             The game lasted 00:05:23 (2266 turns).

101zpm the Magician (Djinni Ice Elementalist)       Turns: 2266, Time: 00:05:24

Health: 0/40       AC:  4    Str:  7    XL:     6   Next: 9%
Gold:   155        EV: 12    Int: 18    God:
                   SH:  0    Dex: 14

rFire   + + .      SeeInvis .   (no weapon)
rCold   x . .      Faith    .   (no shield)
rNeg    . . .      Spirit   .   a - +0 robe
rPois   ∞          Reflect  .   b - +2 hat
rElec   .          Harm     .   (no cloak)
rCorr   .          Rampage  .   (no gloves)
Will    .....                   (boots unavailable)
Stlth   ++........              (no amulet)
HPRegen 0.13/turn               (no ring)
MPRegen 0.00/turn               (no ring)

@: flying
A: sickness immunity, fire resistance 2, cold vulnerability 1, float, innate
caster, HP casting, extra vitality 1
a: no special abilities


You were on level 3 of the Dungeon.
You visited 1 branch of the dungeon, and saw 3 of its levels.

You collected 155 gold pieces.

Inventory:

Missiles
 g - 2 throwing nets
Armour
 a - a +0 robe (worn)
 b - a +2 hat (worn)
Scrolls
 c - a scroll of noise {unknown}
 d - a scroll of magic mapping {unknown}
 i - a scroll of silence {unknown}
Potions
 f - a potion of ambrosia {unknown}
 h - 2 potions of brilliance {unknown}
 j - a potion of curing {unknown}


   Skills:
 + Level 0.2 Fighting
 + Level 2.5 Dodging
 + Level 1.8 Stealth
 + Level 5.2 Spellcasting


You had one spell level left.
You knew the following spells:

 Your Spells              Type           Power      Damage    Failure   Level
a - Freeze                Ice            92%        1d10      1%          1
b - Frozen Ramparts       Ice            46%        1d6       4%          3
c - Ozocubu's Armour      Ice            23%        N/A       4%          3
d - Hailstorm             Conj/Ice       23%        3d7       16%         4
e - Slow                  Hex            92%        N/A       1%          1
f - Passwall              Tmut/Erth      19%        N/A       2%          2
Your spell library was empty.

Dungeon Overview and Level Annotations

Branches:
Dungeon (3/15)

Altars:
Uskayaw


Innate Abilities, Weirdness & Mutations

You are immune to sickness and miasma.
You are immune to poison.
Your flesh is very heat resistant. (rF++)
You are vulnerable to cold. (rC-)
You float through the air rather than walking.
You learn spells naturally, not from books.
Your magical power is your life essence.
You have superior vitality. (+4 MHP)


Message History

Aim: a shadow imp (heavily wounded)
You freeze the shadow imp but do no damage.
The shadow imp completely resists.
* * * LOW HITPOINT WARNING * * *
The shadow imp barely misses you.
Aiming: Freeze (safe; 1% risk of failure)
Press: ? - help, Q - select action, (/) - cycle Shift-Dir - straight line, f/p - shadow imp
Aim: a shadow imp (heavily wounded)
You freeze the shadow imp but do no damage.
The shadow imp completely resists.
* * * LOW HITPOINT WARNING * * *
The shadow imp hits you.
* * * LOW HITPOINT WARNING * * *
Aiming: Freeze (safe; 1% risk of failure)
Press: ? - help, Q - select action, (/) - cycle Shift-Dir - straight line, f/p - shadow imp
Aim: a shadow imp (heavily wounded)
You freeze the shadow imp but do no damage.
The shadow imp completely resists.
* * * LOW HITPOINT WARNING * * *
The shadow imp hits you but does no damage.
Aiming: Freeze (safe; 1% risk of failure)
Press: ? - help, Q - select action, (/) - cycle Shift-Dir - straight line, f/p - shadow imp
Aim: a shadow imp (heavily wounded)
You freeze the shadow imp.
The shadow imp resists.
The shadow imp is heavily wounded.
* * * LOW HITPOINT WARNING * * *
The shadow imp shouts, "Fly, thou mangled pigeon-egg reprobate!"
The shadow imp closely misses you.
Aiming: Freeze (safe; 1% risk of failure)
Press: ? - help, Q - select action, (/) - cycle Shift-Dir - straight line, f/p - shadow imp
Aim: a shadow imp (heavily wounded)
You miscast Freeze.
You are very lightly contaminated with residual magic.
Nothing appears to happen.
* * * LOW HITPOINT WARNING * * *
The shadow imp barely misses you.
It was a potion of cancellation.
You feel magically purged.
Your magical contamination has completely faded away.
The shadow imp hits you.
You die...

..... #..#
#.)## #...#
...# #...#
.#### #...
##.#..#
.#... #...#
#..#..# ...#
#...##
#5##..# ..#
#....####@#
.# ..#
#....#..# ..
#####
#.....## #.
.....
#....##
....#
#..#....#
....#
##.#####....
....# #..#
... ....#
#.## . ....#
#.#


You could see a shadow imp.

Vanquished Creatures
  A sky beast (D:3)
  Natasha (D:2)
  An orc wizard (D:3)
  2 adders
  A worm (D:2)
  A dart slug (D:1)
  2 orcs (D:3)
  3 bats
  6 endoplasms
  A giant cockroach (D:1)
  4 goblins
  5 hobgoblins
  2 kobolds
  A quokka (D:1)
  2 ball pythons (D:1)
  2 frilled lizards (D:1)
  4 rats (D:1)
39 creatures vanquished.

Notes
Turn   | Place    | Note
-------+----------+-------------------------------------------
     0 | D:1      | 101zpm the Djinni Ice Elementalist began the quest for the
                  | Orb.
     0 | D:1      | Reached XP level 1. HP: 15/15 MP: 0/0
    18 | D:2      | Noticed Natasha
    23 | D:2      | Killed Natasha
    24 | D:2      | Reached XP level 2. HP: 17/21 MP: 0/0
    24 | D:2      | Reached XP level 3. HP: 20/25 MP: 0/0
    24 | D:2      | Learned a level 1 spell: Slow
    91 | D:2      | Reached skill level 4 in Spellcasting
   364 | D:2      | Found a hide-covered altar of Uskayaw.
   561 | D:1      | Reached XP level 4. HP: 10/31 MP: 0/0
  1863 | D:3      | Reached XP level 5. HP: 30/35 MP: 0/0
  1863 | D:3      | Learned a level 2 spell: Passwall
  1991 | D:3      | Noticed a sky beast
  2002 | D:3      | Killed a sky beast
  2003 | D:3      | Reached skill level 5 in Spellcasting
  2003 | D:3      | Reached XP level 6. HP: 9/40 MP: 0/0
  2266 | D:3      | Slain by a shadow imp

Illustrated notes

Levels and vault maps discovered:
D:1:      shiori_arrival_maze, layout_basic, st_stairs_6, minmay_misc_feat_x
D:2:      layout_basic, hellmonk_ecumenical_altar_heavens_door, basic_altar,
          minmay_cupped, uniq_natasha
D:3:      layout_rooms, corexii_corridor_pit, uniq_sigmund

Skill      XL: |  1  2  3  4  5 |
---------------+----------------+-----
Spellcasting   | 4 5 |  5.2
Fighting       | |  0.2
Dodging        | |  2.5
Stealth        | |  1.8

Action                   |  1- 3 |  4- 6 || total
-------------------------+-------+-------++-------
Melee: Unarmed           |       |     2 ||     2
 Cast: Freeze            |    31 |    55 ||    86
       Slow              |     6 |     3 ||     9
  Use: Potion            |       |     1 ||     1
Armor: Robe              |     8 |    12 ||    20
Dodge: Dodged            |    17 |    27 ||    44
